 Dungeon Crawl Stone Soup version 0.24-a0-203-gf0bc1e9 (console) character file.

Game seed: 15800844425953080160

45 bli the Skirmisher (level 3, -1/29 HPs)
             Began as a Demonspawn Abyssal Knight on Mar 26, 2019.
             Was a Follower of Lugonu.
             Slain by a worker ant (4 damage)
             ... on level 2 of the Dungeon.
             The game lasted 00:03:27 (1399 turns).

bli the Skirmisher (Demonspawn Abyssal Knight)      Turns: 1399, Time: 00:03:28

Health: -1/29      AC:  5    Str: 12    XL:     3   Next: 42%
Magic:  4/4        EV: 12    Int: 13    God:    Lugonu [*.....]
Gold:   52         SH:  0    Dex: 13    Spells: 2/2 levels left

rFire    . . .     SeeInvis .   a - +1 falchion
rCold    . . .     Gourm    .   (no shield)
rNeg     . . .     Faith    .   b - +0 leather armour
rPois    .         Spirit   .   (no helmet)
rElec    .         Reflect  .   (no cloak)
rCorr    .         Harm     .   (no gloves)
MR       .....                  (no boots)
Stlth    +.........             (no amulet)
HPRegen  0.09/turn              (no ring)
MPRegen  0.09/turn              (no ring)

@: lethally poisoned (-1 -> -11)
A: thin metallic scales 1, deterioration 1, rot immunity, MP-powered wands
a: Depart the Abyss, Renounce Religion


You were on level 2 of the Dungeon.
You worshipped Lugonu.
Lugonu was aware of your devotion.
You were not hungry.

You visited 1 branch of the dungeon, and saw 2 of its levels.
You visited the Abyss 1 time.

You collected 52 gold pieces.

Inventory:

Hand Weapons
 a - a +1 falchion (weapon)
Missiles
 f - 37 sling bullets
 j - 33 stones (quivered)
 p - 3 curare-tipped needles
Armour
 b - a +0 leather armour (worn)
 g - a +0 scale mail
 h - a +0 ring mail
Scrolls
 d - 3 scrolls of teleportation {unknown}
 l - a scroll of identify {unknown}
 m - a scroll of remove curse {unknown}
 n - a scroll of enchant armour {unknown}
Potions
 i - a potion of heal wounds {unknown}
 o - a potion of haste {unknown}
 q - a potion of berserk rage {unknown}
Comestibles
 c - 4 rations


   Skills:
 - Level 3.0 Fighting
 + Level 3.0 Long Blades
 + Level 1.7 Armour
 * Level 2.0 Dodging
 - Level 2.4 Invocations


You had 2 spell levels left.
You didn't know any spells.
Your spell library was empty.

Dungeon Overview and Level Annotations

Branches:
Dungeon (2/15)

Altars:


Innate Abilities, Weirdness & Mutations

You are partially covered in thin metallic scales. (AC +2)
You are immune to rotting.
Your body sometimes deteriorates upon taking damage.
You expend magic power (3 MP) to strengthen your wands.


Message History

The worker ant is moderately wounded.
The worker ant bites you.
You are poisoned.
The worker ant poisons you!
You completely miss the worker ant.
The worker ant is moderately wounded.
You feel sick. The worker ant bites you.
The worker ant waves its antennae.
The worker ant bites you.
You are lethally poisoned!
The worker ant poisons you!
You barely miss the worker ant.
The worker ant is lightly wounded.
You feel sick. The worker ant bites you.
* * * LOW HITPOINT WARNING * * *
It was a potion of mutation.
You feel extremely strange.
You feel yourself wasting away.
You feel your magical essence link to your wands.
The worker ant bites you.
You die...

#... #..# ...# #..#
#..# # #..#
#.####.a#####"#
#.....%@......#
........#######
.#.##...###
#.......####
##.........#
##..........#
.#...........#
.............#######
.#>##..<.....).....#
.#.##........#####.#
.............#


You could see a worker ant.

Vanquished Creatures
  An adder (D:2)
  2 dart slugs (D:1)
  2 leopard geckos (D:2)
  5 bats (D:1)
  2 goblins (D:1)
  2 hobgoblins (D:1)
  2 frilled lizards (D:1)
  5 kobolds
  14 rats
35 creatures vanquished.

Notes
Turn   | Place    | Note
-------+----------+-------------------------------------------
     0 | Abyss:1  | bli the Demonspawn Abyssal Knight began the quest for the
                  | Orb.
     0 | Abyss:1  | Reached XP level 1. HP: 18/18 MP: 2/2
    51 | Abyss:2  | Noticed a neqoxec
    53 | D:1      | Escaped the Abyss
    62 | D:1      | Reached skill level 1 in Dodging
    95 | D:1      | Gained mutation: You are immune to rotting. [demonic
                  | ancestry]
    95 | D:1      | Reached XP level 2. HP: 13/24 MP: 3/3
    98 | D:1      | Reached * piety under Lugonu
   854 | D:1      | Gained mutation: You are partially covered in thin metallic
                  | scales. (AC +2) [demonic ancestry]
   854 | D:1      | Reached XP level 3. HP: 27/29 MP: 4/4
  1399 | D:2      | Gained mutation: Your body sometimes deteriorates upon
                  | taking damage. [potion of mutation]
  1399 | D:2      | Gained mutation: You expend magic power (3 MP) to
                  | strengthen your wands. [potion of mutation]
  1399 | D:2      | Slain by a worker ant

Levels and vault maps discovered:
D:1:      erik_arrival_orb_chamber, layout_rooms, minmay_cut_off
D:2:      layout_loops_ring, first_ration
Abyss:1
Abyss:2:  evilmike_abyss_exit_glass, serial_sigils_hangedman_quiver

Skill      XL: |  1  2  3 |
---------------+----------+-----
Dodging        | 1 2 |  2.0
Long Blades    | 2 3 |  3.0
Fighting       | |  3.0
Armour         | |  1.7
Invocations    | |  2.4

Action                   || total
-------------------------++-------
Melee: Falchion          ||    91
Invok: Depart the Abyss  ||     1
  Use: Potion            ||     1
  Eat: Chunk             ||     2
Armor: Leather armour    ||    24
Dodge: Dodged            ||    48
       Rpst.: Falchion   ||    18

Table legend:
 A = Non-vault XP
 B = Vault XP
 C = Vault XP percentage of total XP
 D = Non-vault monster count
 E = Vault monster count
 F = Vault count percentage of total count
                 A         B        C        D         E       F
            +---------+---------+-------+---------+---------+-------
      Total |      49 |      16 |  24.6 |      21 |      14 |  40.0
            +---------+---------+-------+---------+---------+-------
        D:1 |      28 |      16 |  36.4 |      16 |      14 |  46.7
        D:2 |      21 |       0 |   0.0 |       5 |       0 |   0.0
            +---------+---------+-------+---------+---------+-------
